[Event "ICC tourney 2260 (3 2)"]
[Site "Internet Chess Club"]
[Date "2020.12.31"]
[Round "8"]
[White "Viking21"]
[Black "Mozart1"]
[Result "0-1"]
[ICCResult "White checkmated"]
[WhiteElo "1905"]
[BlackElo "1836"]
[Opening "Giuoco Piano"]
[ECO "C54"]
[NIC "IG.02"]
[Time "14:07:19"]
[PlyCount "120"]
[TimeControl "180+2"]

1. e4 e5 2. Nf3 Nc6 3. Bc4 Bc5 4. c3 Nf6 5. d4 exd4 6. e5 d5 7. Bb5 Ne4 8.
cxd4 Bb6 9. O-O O-O 10. Nc3 f5 11. exf6 Nxf6 12. Bg5 Be6 13. Bxc6 bxc6 14.
Ne5 c5 15. dxc5 Bxc5 16. Kh1 Qd6 17. f4 h6 18. Bh4 a6 19. Rc1 Be3 20. Rc2
c5 21. Ng6 Rfd8 22. f5 Bf7 23. Bg3 Qc6 24. Ne5 Qb7 25. Qf3 Bh5 26. Qxe3 d4
27. Qd3 dxc3 28. Qc4+ Kh7 29. Rxc3 Qxb2 30. Qxc5 Ne4 31. Qe7 Qxc3 32. Qh4
Nxg3+ 33. hxg3 Qxe5 34. Qxh5 Qxg3 35. f6 Qg5 36. Qf7 Rf8 37. Qb7 Rae8 38.
f7 Qh4+ 39. Kg1 Qd4+ 40. Kh1 Re5 41. Qf3 Qd5 42. Qg3 Rh5+ 43. Kg1 Qc5+ 44.
Qf2 Qxf2+ 45. Rxf2 Kg6 46. g4 Rg5 47. Rf4 Rxf7 48. Re4 Rb7 49. Re6+ Kf7 50.
Rxa6 Rxg4+ 51. Kf2 Rgb4 52. Ke3 h5 53. a3 Rb3+ 54. Kf4 h4 55. Kg5 h3 56. a4
h2 57. a5 h1=Q 58. Rf6+ gxf6+ 59. Kf5 Qh5+ 60. Ke4 R7b4# { White checkmated
} 0-1

[Event "ICC tourney 2260 (3 2)"]
[Site "Internet Chess Club"]
[Date "2020.12.31"]
[Round "8"]
[White "pari538"]
[Black "VeronicaG"]
[Result "0-1"]
[ICCResult "White checkmated"]
[WhiteElo "1522"]
[BlackElo "1828"]
[Opening "Caro-Kann: exchange variation"]
[ECO "B13"]
[NIC "CK.02"]
[Time "14:07:22"]
[PlyCount "128"]
[TimeControl "180+2"]

1. e4 c6 2. d4 d5 3. exd5 cxd5 4. Bd3 Nf6 5. c3 Bg4 6. Nf3 e6 7. h3 Bh5 8.
Qa4+ Nbd7 9. Ne5 a6 10. Bg5 b5 11. Qc2 Bd6 12. Nxd7 Qxd7 13. Nd2 Be7 14.
O-O Bg6 15. Bxg6 hxg6 16. Nf3 Nh5 17. Ne5 Qc7 18. Bxe7 Qxe7 19. Qd2 Qf6 20.
Rae1 Nf4 21. Qe3 Qg5 22. Qg3 Qxg3 23. fxg3 Nh5 24. Rxf7 Rf8 25. Rxf8+ Kxf8
26. Nxg6+ Kf7 27. g4 Nf6 28. Nf4 Re8 29. Kf2 g5 30. Nd3 Ne4+ 31. Kf3 Nd2+
32. Kg3 Nc4 33. Nc5 a5 34. b3 Nd6 35. Nd3 Ne4+ 36. Kf3 Nxc3 37. Ne5+ Kg7
38. Nc6 Ne4 39. Nxa5 Ra8 40. Nc6 Rxa2 41. Nd8 Rf2+ 42. Ke3 Rxg2 43. Nxe6+
Kf6 44. Nc5 Rg3+ 45. Ke2 Rxh3 46. Nxe4+ dxe4 47. Kf2 Rxb3 48. Rxe4 Rb2+ 49.
Kf3 Rb3+ 50. Re3 Rxe3+ 51. Kxe3 Ke6 52. Ke4 b4 53. d5+ Kd6 54. Kf5 b3 55.
Kxg5 b2 56. Kh6 b1=Q 57. g5 Qh1+ 58. Kg7 Qxd5 59. g6 Ke7 60. Kh8 Qh5+ 61.
Kg7 Qg5 62. Kh7 Kf6 63. Kh8 Qh6+ 64. Kg8 Qg7# { White checkmated } 0-1

[Event "ICC tourney 2260 (3 2)"]
[Site "Internet Chess Club"]
[Date "2020.12.31"]
[Round "8"]
[White "kittypuppy"]
[Black "baldwinsthename"]
[Result "0-1"]
[ICCResult "White checkmated"]
[WhiteElo "1135"]
[BlackElo "1228"]
[Opening "QGD: Marshall defense"]
[ECO "D06"]
[NIC "QP.08"]
[Time "14:07:30"]
[PlyCount "130"]
[TimeControl "180+2"]

1. d4 d5 2. c4 Nf6 3. Nc3 c6 4. Bf4 e6 5. e3 Bd6 6. Bg3 h6 7. Nf3 Bb4 8.
Bd3 Nbd7 9. Qb3 a5 10. a3 dxc4 11. Bxc4 Bxc3+ 12. Qxc3 O-O 13. Bb3 Ne4 14.
Qd3 Ndf6 15. Bc2 a4 16. Nd2 Nxd2 17. Qxd2 Qd5 18. Rg1 Ne4 19. Qd3 f5 20. f3
Nxg3 21. hxg3 Qa5+ 22. Kf2 b6 23. g4 Ba6 24. Qd1 fxg4 25. Bb1 c5 26. Qc2
Bc4 27. Qxc4 Qd2+ 28. Kg3 Qxe3 29. dxc5 Qe5+ 30. Kf2 g3+ 31. Kf1 Rf6 32.
Qc2 Qxc5 33. Qxc5 bxc5 34. Be4 Rd8 35. Rc1 Rd4 36. Bc6 c4 37. Bxa4 c3 38.
bxc3 Rxa4 39. Ke2 Rxa3 40. Rgd1 Rf5 41. Rd8+ Kf7 42. Rd4 Re5+ 43. Kf1 Rc5
44. Rd3 Ra2 45. Ke1 Rxg2 46. f4 Rg1+ 47. Kd2 Rxc1 48. Kxc1 g2 49. Rd1 Rxc3+
50. Kb2 Rg3 51. Rg1 Kf6 52. Kc2 Kf5 53. Kd2 Kxf4 54. Ke2 e5 55. Kf2 e4 56.
Rxg2 Rxg2+ 57. Kxg2 Ke3 58. Kf1 Kd2 59. Kf2 e3+ 60. Kf1 e2+ 61. Kg2 e1=Q
62. Kf3 Qh4 63. Kg2 Kd3 64. Kf1 Qh2 65. Ke1 Qe2# { White checkmated } 0-1

[Event "ICC tourney 2260 (3 2)"]
[Site "Internet Chess Club"]
[Date "2020.12.31"]
[Round "8"]
[White "PearsonH"]
[Black "Kinawa"]
[Result "0-1"]
[ICCResult "White forfeits on time"]
[WhiteElo "1756"]
[BlackElo "1535"]
[Opening "Queen's pawn: London system"]
[ECO "A45"]
[NIC "QP.07"]
[Time "14:08:08"]
[PlyCount "96"]
[TimeControl "180+2"]

1. d4 Nf6 2. Bf4 e6 3. e3 c5 4. c3 d5 5. Nd2 Nc6 6. Bd3 Bd6 7. Bg3 O-O 8.
Ngf3 Qc7 9. Qe2 c4 10. Bc2 e5 11. dxe5 Nxe5 12. Nxe5 Bxe5 13. Bxe5 Qxe5 14.
Nf3 Qc7 15. O-O Bg4 16. h3 Bh5 17. Rad1 Rad8 18. Rd4 Rd7 19. Rfd1 Rfd8 20.
R1d2 Ne4 21. Bxe4 dxe4 22. Rxd7 Rxd7 23. Rxd7 Qxd7 24. Qd2 Qe8 25. Ne1 h6
26. Qd4 Qe6 27. Qxa7 Qc6 28. Qd4 Be2 29. Nc2 Bd3 30. Nb4 Qa4 31. Qd8+ Kh7
32. Qe7 Qd1+ 33. Kh2 Qe2 34. Qxf7 Qxb2 35. Qxb7 Qxf2 36. Nd5 Qxa2 37. Nf6+
Kg6 38. Nxe4 Qc2 39. Qc6+ Kh7 40. Nc5 Bf1 41. Qe4+ Qxe4 42. Nxe4 Kg6 43.
Kg1 Bd3 44. Nf2 Be2 45. Ne4 Bd3 46. Nc5 Bc2 47. Kf2 Kf5 48. g4+ Ke5 { White
forfeits on time } 0-1

[Event "ICC tourney 2260 (3 2)"]
[Site "Internet Chess Club"]
[Date "2020.12.31"]
[Round "8"]
[White "Udonramen"]
[Black "uzkuzk"]
[Result "0-1"]
[ICCResult "White checkmated"]
[WhiteElo "1947"]
[BlackElo "1809"]
[Opening "Queen's pawn: London system"]
[ECO "A45"]
[NIC "QP.07"]
[Time "14:07:15"]
[PlyCount "138"]
[TimeControl "180+2"]

1. d4 Nf6 2. Bf4 g6 3. Nc3 Bg7 4. e4 O-O 5. Be2 d6 6. Nf3 Nbd7 7. O-O e5 8.
dxe5 dxe5 9. Bg5 Qe8 10. Qd2 Qe6 11. h3 b6 12. Bh6 Bb7 13. Bxg7 Kxg7 14.
Ng5 Qe7 15. Bd3 h6 16. Nf3 Nc5 17. Rfe1 Rad8 18. Qe3 Nfd7 19. b4 Ne6 20.
Nd5 Bxd5 21. exd5 Nf4 22. Nxe5 Nxe5 23. Qxf4 Nxd3 24. cxd3 Qf6 25. Qxc7
Rxd5 26. Rad1 Rfd8 27. Qc2 Qh4 28. Re3 Qxb4 29. Rb1 Qd4 30. Rb3 Rc5 31. Qd2
Rdc8 32. Kh2 Qd6+ 33. g3 Rf5 34. Qb2+ Kh7 35. f4 g5 36. fxg5 Rxg5 37. Qf2
Rcg8 38. Qxf7+ R8g7 39. Qf2 h5 40. h4 Rg4 41. Qf5+ R4g6 42. Qxh5+ Rh6 43.
Qf5+ Kh8 44. Re8+ Rg8 45. Rxg8+ Kxg8 46. Qc8+ Kg7 47. Qg4+ Rg6 48. Qf4 Qe6
49. d4 Qe2+ 50. Kh3 Qd1 51. Qe5+ Kf7 52. Qf5+ Kg7 53. Qd7+ Kh6 54. Kg2 Qe2+
55. Kg1 Rf6 56. Qh3 Qe1+ 57. Kh2 Rf2+ 58. Qg2 Qf1 59. Qxf2 Qxf2+ 60. Kh3
Qxd4 61. g4 Qa4 62. g5+ Kh5 63. Kg3 Qxa2 64. Rf3 Qc4 65. g6 Kxg6 66. Rf4
Qd3+ 67. Kg4 Qe2+ 68. Kg3 Qd2 69. Kg4 Qg2# { White checkmated } 0-1

[Event "ICC tourney 2260 (3 2)"]
[Site "Internet Chess Club"]
[Date "2020.12.31"]
[Round "8"]
[White "Feugon"]
[Black "el008"]
[Result "1-0"]
[ICCResult "Black checkmated"]
[WhiteElo "1982"]
[BlackElo "1944"]
[Opening "Nimzovich-Larsen attack: Indian variation"]
[ECO "A01"]
[NIC "VO.08"]
[Time "14:07:23"]
[PlyCount "163"]
[TimeControl "180+2"]

1. b3 Nf6 2. Bb2 e6 3. e3 Be7 4. f4 d5 5. Nf3 O-O 6. Bd3 c5 7. O-O Nc6 8.
Nc3 Nb4 9. Be2 a6 10. a4 b6 11. Ne5 Bb7 12. Bf3 Nc6 13. Ne2 Nxe5 14. Bxe5
Nd7 15. Bb2 Bf6 16. Bxf6 gxf6 17. Ng3 f5 18. Qe1 Nf6 19. Nh5 Nxh5 20. Bxh5
Qf6 21. Bf3 Kh8 22. Qe2 Rg8 23. Kh1 Rg7 24. c4 Rag8 25. cxd5 exd5 26. Rac1
Rg6 27. a5 Rh6 28. Kg1 Qd6 29. g3 b5 30. Qg2 Re6 31. Qh3 Bc8 32. Qg2 Rd8
33. Rfd1 d4 34. e4 fxe4 35. Bxe4 Qe7 36. d3 Re8 37. h3 f5 38. Bf3 Re3 39.
Rc2 Be6 40. Rb2 Bf7 41. Rdd2 Re1+ 42. Kh2 Re3 43. Bd5 Bxd5 44. Qxd5 Qf8 45.
b4 Rd8 46. Qxc5 Qxc5 47. bxc5 Re6 48. Re2 Rc6 49. Re5 Rdc8 50. Rc2 b4 51.
Rxf5 b3 52. Rb2 Rxc5 53. Rxc5 Rxc5 54. Rxb3 Rxa5 55. Kg2 Rb5 56. Ra3 a5 57.
Kf3 Kg7 58. Ke4 Rh5 59. h4 Rh6 60. Kxd4 Rg6 61. Rxa5 Rxg3 62. Rg5+ Rxg5 63.
hxg5 Kg6 64. Ke5 h5 65. gxh6 Kxh6 66. d4 Kh5 67. Ke6 Kg4 68. d5 Kxf4 69. d6
Ke4 70. d7 Kf4 71. d8=Q Ke4 72. Qg5 Kd4 73. Qf5 Ke3 74. Qg4 Kd3 75. Qf4 Kc3
76. Qe4 Kb3 77. Qd4 Ka3 78. Qb6 Ka4 79. Kd5 Ka3 80. Kc4 Ka2 81. Kc3 Ka1 82.
Qb2# { Black checkmated } 1-0

[Event "ICC tourney 2260 (3 2)"]
[Site "Internet Chess Club"]
[Date "2020.12.31"]
[Round "8"]
[White "KingRayfish"]
[Black "VincentT2008"]
[Result "0-1"]
[ICCResult "White checkmated"]
[WhiteElo "1469"]
[BlackElo "1743"]
[Opening "Giuoco Pianissimo: Italian four knights variation"]
[ECO "C55"]
[NIC "IG.01"]
[Time "14:08:08"]
[PlyCount "144"]
[TimeControl "180+2"]

1. e4 e5 2. Nf3 Nc6 3. Bc4 Nf6 4. d3 Bc5 5. Nc3 d6 6. h3 h6 7. O-O O-O 8.
Bb3 a6 9. Be3 Bxe3 10. fxe3 Re8 11. Qd2 Be6 12. Rae1 d5 13. exd5 Nxd5 14.
Nxd5 Bxd5 15. Bxd5 Qxd5 16. c4 Qd7 17. Qc3 Rad8 18. Rd1 Qe6 19. d4 exd4 20.
exd4 Qg6 21. d5 Ne7 22. Ne5 Qb6+ 23. Kh1 f6 24. Nd3 Ng6 25. Nf4 Nxf4 26.
Rxf4 Qd6 27. Rdf1 Re2 28. a4 Rf8 29. b3 b6 30. Qd3 Rfe8 31. Rg4 R8e5 32.
Qg6 Rg5 33. Rxg5 hxg5 34. Qd3 Qe5 35. Qf3 Re3 36. Qf2 Rxb3 37. c5 Qxd5 38.
c6 Rxh3+ 39. Kg1 Rc3 40. Qe2 Qxc6 41. Qxa6 Rc2 42. Qc8+ Kf7 43. Qg4 Qc5+
44. Kh1 g6 45. Qd7+ Qe7 46. Qd5+ Qe6 47. Qd3 Rc4 48. Qg3 Rh4+ 49. Kg1 Rc4
50. Qf2 Qe5 51. Qa2 Qc5+ 52. Kh1 Kg7 53. Qf2 Rh4+ 54. Kg1 Qxf2+ 55. Rxf2
Rxa4 56. Re2 Kf7 57. Rd2 Rc4 58. Rb2 f5 59. Rd2 Ke6 60. Kf2 c5 61. g3 b5
62. Kf3 g4+ 63. Ke2 b4 64. Rb2 Rc3 65. Kf2 b3 66. Kg2 Rc2+ 67. Kh1 Rxb2 68.
Kg1 c4 69. Kh1 c3 70. Kg1 Rd2 71. Kf1 b2 72. Ke1 b1=Q# { White checkmated }
0-1

[Event "ICC tourney 2260 (3 2)"]
[Site "Internet Chess Club"]
[Date "2020.12.31"]
[Round "8"]
[White "andrewj508"]
[Black "hartej"]
[Result "0-1"]
[ICCResult "White resigns"]
[WhiteElo "1270"]
[BlackElo "1516"]
[Opening "Queen's pawn, Mason variation"]
[ECO "D00"]
[NIC "QP.08"]
[Time "14:07:13"]
[PlyCount "264"]
[TimeControl "180+2"]

1. d4 d5 2. Bf4 Nf6 3. e3 e6 4. c4 a6 5. Nc3 b6 6. Nf3 Bb7 7. Be2 Nbd7 8.
O-O Be7 9. Qc2 O-O 10. Rad1 Rc8 11. Ne5 h6 12. Bf3 c6 13. b3 b5 14. c5 Re8
15. a3 Nxe5 16. Bxe5 Nd7 17. Bg3 Nf6 18. Ne2 Qd7 19. Nc1 Bd8 20. Nd3 Bc7
21. Ne5 Bxe5 22. Bxe5 Qe7 23. Bd6 Qd7 24. b4 Red8 25. Kh1 Ne8 26. Bg3 Nf6
27. h3 Re8 28. Be5 Qd8 29. Rg1 Nd7 30. Bd6 Qf6 31. Bh2 Qg6 32. Qxg6 fxg6
33. g4 e5 34. Rde1 exd4 35. exd4 g5 36. Bd6 Nf6 37. Kg2 Kf7 38. Re3 Rxe3
39. fxe3 Re8 40. Re1 Ne4 41. Bxe4 Rxe4 42. Kf3 Re6 43. Rf1 Rf6+ 44. Ke2
Rxf1 45. Kxf1 Bc8 46. Kf2 h5 47. Kg3 hxg4 48. hxg4 Kg6 49. Kf3 Be6 50. Kg3
Kf7 51. Bc7 Kg6 52. Kf3 Kf7 53. Bd8 Kg6 54. e4 Bf7 55. exd5 Bxd5+ 56. Ke3
Bg2 57. Kf2 Bd5 58. Kg3 Be4 59. Bc7 Bd5 60. Be5 Be4 61. Kf2 Bd5 62. Ke3 Bg2
63. d5 Bxd5 64. Kd4 Bf3 65. Bg3 Kf6 66. Be5+ Ke6 67. Bxg7 Bxg4 68. Bh6 Kf5
69. Bg7 Bf3 70. Bh6 g4 71. Be3 g3 72. Bg1 Be4 73. Ke3 g2 74. Bh2 Bd5 75.
Bg1 Kg4 76. Bh2 Kh3 77. Bg1 Kg4 78. Bf2 Kf5 79. Bg1 Be4 80. Kd4 Bd5 81. Ke3
Ke5 82. Bh2+ Kf5 83. Bg1 Be4 84. Kd4 Bd5 85. Ke3 Ke5 86. Bh2+ Kf5 87. Bg1
Kg4 88. Bf2 Kf5 89. Bg1 Ke5 90. Bh2+ Kf5 91. Bg1 Kg4 92. Bh2 Kh3 93. Bg1
Kg3 94. Bf2+ Kg4 95. Bg1 Kf5 96. Bh2 Kg4 97. Bg1 Kf5 98. Kd4 Be4 99. Kc3
Bd5 100. Kd4 Bc4 101. Ke3 Bf1 102. Kd4 Bc4 103. Ke3 Bd5 104. Kd4 Bf3 105.
Kc3 Bd5 106. Kb2 Ke4 107. Kc2 Kf3 108. Kd2 Bc4 109. Be3 Kg3 110. Bg1 Kf4
111. Bh2+ Kf3 112. Bg1 Ke4 113. Kc3 Kf3 114. Kd2 Bd5 115. Kd3 Kf4 116. Bh2+
Kf3 117. Bg1 Kf4 118. Ke2 Bc4+ 119. Kf2 Bd5 120. Ke2 Ke4 121. Bh2 Kd4 122.
Kd2 Kc4 123. Kc2 Be4+ 124. Kb2 Kd3 125. a4 Bd5 126. axb5 axb5 127. Bg1 Kc4
128. Kc2 Kxb4 129. Kd3 Ka3 130. Kd4 b4 131. Ke5 b3 132. Kf4 b2 { White
resigns } 0-1

[Event "ICC tourney 2260 (3 2)"]
[Site "Internet Chess Club"]
[Date "2020.12.31"]
[Round "9"]
[White "shrey16ultimate"]
[Black "Kokosnuss1000"]
[Result "1-0"]
[ICCResult "Black resigns"]
[WhiteElo "1601"]
[BlackElo "1600"]
[Opening "Queen's pawn, Mason variation"]
[ECO "D00"]
[NIC "QO.04"]
[Time "14:23:50"]
[PlyCount "27"]
[TimeControl "180+2"]

1. d4 d5 2. Bf4 Nf6 3. e3 e6 4. c4 Be7 5. Nc3 O-O 6. Nf3 Nbd7 7. Rc1 b6 8.
cxd5 exd5 9. Nb5 Bb7 10. Bxc7 Qc8 11. Bxb6 axb6 12. Rxc8 Raxc8 13. Bd3 Bb4+
14. Nd2 { Black resigns } 1-0

[Event "ICC tourney 2260 (3 2)"]
[Site "Internet Chess Club"]
[Date "2020.12.31"]
[Round "9"]
[White "michaelxiao"]
[Black "dashrndrx1"]
[Result "0-1"]
[ICCResult "White resigns"]
[WhiteElo "1318"]
[BlackElo "1803"]
[Opening "French: exchange variation"]
[ECO "C01"]
[NIC "FR.01"]
[Time "14:24:46"]
[PlyCount "30"]
[TimeControl "180+2"]

1. e4 e6 2. d4 d5 3. exd5 exd5 4. Nc3 Bb4 5. Nf3 Nf6 6. Bb5+ c6 7. Ba4 Bg4
8. Bg5 O-O 9. O-O Nbd7 10. Bb3 Qb6 11. a3 Bd6 12. h3 Bxf3 13. Qxf3 Qxd4 14.
Rad1 Qe5 15. g3 Qxg5 { White resigns } 0-1

[Event "ICC tourney 2260 (3 2)"]
[Site "Internet Chess Club"]
[Date "2020.12.31"]
[Round "9"]
[White "hggonzalezzss"]
[Black "Heliosis"]
[Result "1-0"]
[ICCResult "Black resigns"]
[WhiteElo "1767"]
[BlackElo "1880"]
[Opening "Giuoco Pianissimo"]
[ECO "C55"]
[NIC "IG.01"]
[Time "14:24:12"]
[PlyCount "35"]
[TimeControl "180+2"]

1. e4 e5 2. Nf3 Nc6 3. Bc4 Nf6 4. d3 Bc5 5. c3 d6 6. h3 a6 7. Bg5 h6 8. Bh4
Ba7 9. O-O O-O 10. Bb3 Be6 11. Bc2 g5 12. Nxg5 hxg5 13. Bxg5 Kg7 14. Kh1
Rh8 15. f4 Rh5 16. Bxf6+ Kh6 17. Bxd8 Rxd8 18. f5 { Black resigns } 1-0

[Event "ICC tourney 2260 (3 2)"]
[Site "Internet Chess Club"]
[Date "2020.12.31"]
[Round "9"]
[White "bobiscool"]
[Black "falcongw"]
[Result "1-0"]
[ICCResult "Black checkmated"]
[WhiteElo "1697"]
[BlackElo "1256"]
[Opening "Sicilian"]
[ECO "B54"]
[NIC "SI.01"]
[Time "14:24:02"]
[PlyCount "65"]
[TimeControl "180+2"]

1. e4 c5 2. Nf3 d6 3. d4 cxd4 4. Nxd4 Nc6 5. Nc3 g6 6. Be3 Bg7 7. Bc4 Nf6
8. f3 Bd7 9. Qd2 Rc8 10. Bb3 O-O 11. O-O-O a6 12. h4 Nxd4 13. Bxd4 Ne8 14.
Bxg7 Nxg7 15. g4 Qc7 16. h5 Be6 17. Bxe6 Nxe6 18. hxg6 fxg6 19. Qh6 Rf7 20.
f4 Nf8 21. f5 b5 22. fxg6 Nxg6 23. Rh2 b4 24. Nd5 Qc5 25. Rdh1 a5 26. Kb1
a4 27. Qg5 Rg7 28. Rxh7 Rxh7 29. Qxg6+ Rg7 30. Nxe7+ Kf8 31. Rh8+ Kxe7 32.
Qxg7+ Ke6 33. Rh6# { Black checkmated } 1-0

[Event "ICC tourney 2260 (3 2)"]
[Site "Internet Chess Club"]
[Date "2020.12.31"]
[Round "9"]
[White "DrKnight01"]
[Black "yogokings12"]
[Result "1-0"]
[ICCResult "Black resigns"]
[WhiteElo "1216"]
[BlackElo "1575"]
[Opening "King's Indian: East Indian defense"]
[ECO "A48"]
[NIC "QP.06"]
[Time "14:24:46"]
[PlyCount "29"]
[TimeControl "180+2"]

1. d4 Nf6 2. Nf3 g6 3. Nc3 d5 4. Bg5 Bg7 5. Bxf6 Bxf6 6. e3 O-O 7. Bd3 c5
8. dxc5 Qa5 9. O-O Qxc5 10. Qd2 e5 11. e4 d4 12. Nd5 Bg7 13. b4 Qc6 14.
Ne7+ Kh8 15. Nxc6 { Black resigns } 1-0

[Event "ICC tourney 2260 (3 2)"]
[Site "Internet Chess Club"]
[Date "2020.12.31"]
[Round "9"]
[White "tigerche207"]
[Black "ZAPPAWITS"]
[Result "1-0"]
[ICCResult "Black checkmated"]
[WhiteElo "1934"]
[BlackElo "1713"]
[Opening "Caro-Kann: classical variation"]
[ECO "B18"]
[NIC "CK.10"]
[Time "14:24:01"]
[PlyCount "55"]
[TimeControl "180+2"]

1. e4 c6 2. d4 d5 3. Nc3 dxe4 4. Nxe4 Bf5 5. Ng3 Bg6 6. Nf3 e6 7. h4 h6 8.
h5 Bh7 9. Bd3 Bxd3 10. Qxd3 Nf6 11. Bf4 Bd6 12. Bd2 Bxg3 13. fxg3 Qc7 14.
Bf4 Qb6 15. O-O-O Nd5 16. Bd2 O-O 17. Kb1 Nd7 18. g4 c5 19. g5 c4 20. Qxc4
Rac8 21. Qd3 hxg5 22. Nxg5 f5 23. h6 gxh6 24. Rxh6 Rf6 25. Qh3 Rxh6 26.
Qxh6 N7f6 27. Qg6+ Kh8 28. Nf7# { Black checkmated } 1-0

[Event "ICC tourney 2260 (3 2)"]
[Site "Internet Chess Club"]
[Date "2020.12.31"]
[Round "9"]
[White "MehPlayer"]
[Black "andrewj508"]
[Result "0-1"]
[ICCResult "White resigns"]
[WhiteElo "1528"]
[BlackElo "1270"]
[Opening "Queen's pawn"]
[ECO "A40"]
[NIC "QO.17"]
[Time "14:24:40"]
[PlyCount "96"]
[TimeControl "180+2"]

1. d4 e6 2. Bf4 d5 3. e3 Nf6 4. Nf3 c5 5. c3 Qb6 6. Qc2 Nc6 7. Nbd2 Bd7 8.
Ne5 Rc8 9. Nxd7 Nxd7 10. Nf3 cxd4 11. exd4 Nxd4 12. Nxd4 Qxd4 13. Be3 Qe5
14. Qd2 Bc5 15. Bd3 Bxe3 16. fxe3 Nf6 17. O-O O-O 18. Rae1 Rfd8 19. Qe2 h6
20. Qf3 Qg5 21. e4 dxe4 22. Bxe4 Nxe4 23. Qxf7+ Kh7 24. Rxe4 Rd2 25. Qf3
Rf8 26. Qg3 Rxf1+ 27. Kxf1 Qf5+ 28. Rf4 Qb1+ 29. Qe1 Rd1 30. Re4 Rxe1+ 31.
Rxe1 Qxb2 32. Rxe6 Qxc3 33. Re2 Qa1+ 34. Kf2 Qf6+ 35. Kg1 Qd4+ 36. Kf1 Qf4+
37. Kg1 Qc1+ 38. Kf2 b5 39. h3 b4 40. Re1 Qc3 41. Re3 Qc5 42. Ke2 a5 43.
Rd3 a4 44. Rd2 b3 45. axb3 axb3 46. Kd3 Qa3 47. Kc3 b2+ 48. Kc2 Qa2 { White
resigns } 0-1

[Event "ICC tourney 2260 (3 2)"]
[Site "Internet Chess Club"]
[Date "2020.12.31"]
[Round "9"]
[White "JensenUVA"]
[Black "MIEMBR"]
[Result "0-1"]
[ICCResult "White resigns"]
[WhiteElo "1516"]
[BlackElo "1842"]
[Opening "Catalan: open, 5.Nf3"]
[ECO "E04"]
[NIC "CA.03"]
[Time "14:24:04"]
[PlyCount "68"]
[TimeControl "180+2"]

1. d4 Nf6 2. c4 e6 3. g3 d5 4. Bg2 dxc4 5. Nf3 a6 6. a4 Nc6 7. O-O Be7 8.
Qc2 Nxd4 9. Qxc4 Nxf3+ 10. Bxf3 O-O 11. Bf4 c6 12. Nc3 Nd5 13. Rad1 Qa5 14.
Bd2 Nxc3 15. Bxc3 Qc5 16. Qg4 Qg5 17. Qc4 e5 18. h4 Qf6 19. Qe4 Bd6 20. Rd2
Bf5 21. Qc4 Rfd8 22. Rfd1 Be7 23. b4 Be6 24. Qe4 Bd5 25. Qxe5 Qxe5 26. Bxe5
Bxb4 27. Bxd5 Bxd2 28. Rxd2 Rxd5 29. Rxd5 cxd5 30. Bd4 b5 31. axb5 axb5 32.
e3 Ra2 33. Kg2 b4 34. Kf3 b3 { White resigns } 0-1

[Event "ICC tourney 2260 (3 2)"]
[Site "Internet Chess Club"]
[Date "2020.12.31"]
[Round "9"]
[White "DFKnights"]
[Black "Viking21"]
[Result "0-1"]
[ICCResult "White resigns"]
[WhiteElo "1802"]
[BlackElo "1905"]
[Opening "Alekhine's defense: Scandinavian variation"]
[ECO "B02"]
[NIC "AL.10"]
[Time "14:23:56"]
[PlyCount "86"]
[TimeControl "180+2"]

1. e4 Nf6 2. Nc3 d5 3. exd5 Nxd5 4. Nf3 Nxc3 5. bxc3 g6 6. d4 Bg7 7. Bd3 c5
8. Be3 O-O 9. O-O Nc6 10. h3 Qa5 11. d5 Ne5 12. Nxe5 Bxe5 13. Bh6 Rd8 14.
c4 e6 15. Qe2 Bxa1 16. Rxa1 Qc3 17. Rf1 Bd7 18. h4 exd5 19. cxd5 Re8 20.
Qf3 c4 21. Be4 Qxf3 22. Bxf3 Bf5 23. c3 Be4 24. Bxe4 Rxe4 25. h5 f6 26.
hxg6 hxg6 27. Be3 b5 28. Rd1 Kf7 29. g3 Rd8 30. Kg2 a6 31. Kf3 f5 32. Bc5
Re5 33. Bd4 Rexd5 34. Re1 Re8 35. Rh1 b4 36. Rh7+ Ke6 37. Rg7 bxc3 38.
Rxg6+ Kd7 39. Be3 Rxe3+ 40. Kxe3 c2 41. Rg7+ Kc6 42. Rg6+ Kb5 43. Rg7 c1=Q+
{ White resigns } 0-1

[Event "ICC tourney 2260 (3 2)"]
[Site "Internet Chess Club"]
[Date "2020.12.31"]
[Round "9"]
[White "ved2006"]
[Black "pari538"]
[Result "0-1"]
[ICCResult "White resigns"]
[WhiteElo "1719"]
[BlackElo "1522"]
[Opening "Queen's pawn game"]
[ECO "D05"]
[NIC "QP.08"]
[Time "14:23:50"]
[PlyCount "56"]
[TimeControl "180+2"]

1. d4 d5 2. Nf3 Nf6 3. e3 e6 4. c4 Bb4+ 5. Nc3 c6 6. a3 Ba5 7. b4 Bc7 8.
Bb2 a5 9. Qa4 Nbd7 10. cxd5 exd5 11. Bd3 Nb6 12. Qb3 axb4 13. axb4 Rxa1+
14. Bxa1 Bg4 15. Be2 O-O 16. O-O Ne4 17. Qc2 Nxc3 18. Bxc3 Bxf3 19. Bxf3
Qh4 20. h3 Qf6 21. Bd2 Qd6 22. g3 Nc4 23. Be2 Nxd2 24. Qxd2 Qh6 25. Kg2 Ra8
26. Rc1 Qd6 27. Qc3 Ra2 28. Bf3 Qxg3+ { White resigns } 0-1

[Event "ICC tourney 2260 (3 2)"]
[Site "Internet Chess Club"]
[Date "2020.12.31"]
[Round "9"]
[White "marinaxiao"]
[Black "realFreddyWeddy"]
[Result "1/2-1/2"]
[ICCResult "Game drawn by mutual agreement"]
[WhiteElo "1556"]
[BlackElo "1104"]
[Opening "Sicilian: Najdorf, Byrne (English) attack"]
[ECO "B90"]
[NIC "SI.14"]
[Time "14:23:54"]
[PlyCount "57"]
[TimeControl "180+2"]

1. e4 c5 2. Nf3 d6 3. d4 cxd4 4. Nxd4 Nf6 5. Nc3 a6 6. Be3 e5 7. Nb3 Be7 8.
Be2 Be6 9. O-O Nbd7 10. Qe1 O-O 11. f4 exf4 12. Bxf4 Qb6+ 13. Kh1 Rac8 14.
Qg3 Rfd8 15. Rad1 Nc5 16. Nxc5 dxc5 17. Rxd8+ Rxd8 18. Be5 Kh8 19. Bxf6
Bxf6 20. e5 Be7 21. Bg4 Kg8 22. Bxe6 Qxe6 23. a3 Qb6 24. Qf3 Rf8 25. Nd5
Qe6 26. Nxe7+ Qxe7 27. h3 b5 28. Re1 c4 29. Qc6 { Game drawn by mutual
agreement } 1/2-1/2

[Event "ICC tourney 2260 (3 2)"]
[Site "Internet Chess Club"]
[Date "2020.12.31"]
[Round "9"]
[White "aberdeenace"]
[Black "PearsonH"]
[Result "0-1"]
[ICCResult "White checkmated"]
[WhiteElo "1546"]
[BlackElo "1756"]
[Opening "French: Labourdonnais variation"]
[ECO "C00"]
[NIC "FR.01"]
[Time "14:24:35"]
[PlyCount "68"]
[TimeControl "180+2"]

1. e4 e6 2. f4 d5 3. e5 c5 4. Nf3 Nc6 5. Bb5 Bd7 6. d3 Nxe5 7. Bxd7+ Nxd7
8. O-O Bd6 9. Nc3 Ngf6 10. Nb5 Be7 11. Ne5 a6 12. Nc3 Nxe5 13. fxe5 Nd7 14.
Qh5 O-O 15. Bf4 f6 16. Rf3 fxe5 17. Bxe5 Nxe5 18. Qxe5 Rxf3 19. gxf3 Qd6
20. Qh5 Bf6 21. Re1 Bd4+ 22. Kg2 Rf8 23. Qh3 Rf6 24. Re2 Rg6+ 25. Qg3 Rxg3+
26. hxg3 Bxc3 27. bxc3 Kf7 28. f4 h6 29. Kf3 g5 30. c4 d4 31. Re5 Qc6+ 32.
Kg4 gxf4 33. gxf4 Qg2+ 34. Kh5 Qh3# { White checkmated } 0-1

[Event "ICC tourney 2260 (3 2)"]
[Site "Internet Chess Club"]
[Date "2020.12.31"]
[Round "9"]
[White "hartej"]
[Black "funpawn"]
[Result "0-1"]
[ICCResult "White resigns"]
[WhiteElo "1516"]
[BlackElo "1765"]
[Opening "Giuoco Piano"]
[ECO "C54"]
[NIC "IG.02"]
[Time "14:23:53"]
[PlyCount "66"]
[TimeControl "180+2"]

1. e4 e5 2. Nf3 Nc6 3. Bc4 Bc5 4. c3 Nf6 5. d4 exd4 6. e5 d5 7. Bb5 Ne4 8.
cxd4 Bb6 9. Nc3 O-O 10. O-O Bg4 11. Bxc6 bxc6 12. Be3 Qe7 13. h3 Bh5 14.
Na4 f6 15. Nxb6 cxb6 16. g4 Bg6 17. exf6 Qxf6 18. Kg2 h6 19. a3 Nd6 20. Rc1
Be4 21. Kh2 Bxf3 22. Qc2 Rac8 23. b4 Be4 24. Qa4 Qf3 25. Rg1 Nc4 26. Rg3
Qf6 27. Rf1 Nxe3 28. Rxe3 Qxd4 29. Qxa7 Qe5+ 30. Rg3 Rf3 31. Qxb6 Rcf8 32.
Qxc6 Rxf2+ 33. Rxf2 Rxf2+ { White resigns } 0-1